 Dungeon Crawl Stone Soup version 0.31.0-4-g52a2dc7128 (webtiles) character file.

Game seed: 15702880699272556643

276686 Persephone the Slayer (level 20, -2/148 HPs)
             Began as a Gargoyle Fighter on Jan 21, 2024.
             Was the Champion of the Shining One.
             Killed from afar by Frederick (76 damage)
             ... with an iron shot
             ... on level 3 of the Vaults.
             The game lasted 01:02:36 (35082 turns).

Persephone the Slayer (Gargoyle Fighter)           Turns: 35082, Time: 01:02:36

Health: -2/148     AC: 36    Str: 32    XL:     20   Next: 37%
Magic:  30/32      EV:  9    Int: 11    God:    the Shining One [******]
Gold:   3032       SH: 30    Dex:  9    Spells: 19/19 levels left

rFire   + + +        b - +9 broad axe (elec)
rCold   + . .        c - +5 kite shield {reflect}
rNeg    + + +        l - +0 chain mail "Jiahotra" {+Blink rElec rN+ Int-4}
rPois   ∞            q - +1 hat "Cimim" {rF+ Str+2}
rElec   +            I - scarf {rC+ rF+}
rCorr   .            v - +2 pair of gloves {Str+3}
SInv    +            E - +0 pair of boots
Will    ++...        T - amulet of regeneration Stlth
                     N - ring of protection from fire
HPRegen 1.24/turn    t - ring of Axyigg {Will+ Int+4 Slay+4 SInv}
MPRegen 0.23/turn

%: reflection
@: divinely shielded, flying, glowing
A: sickness immunity, AC +15, big wings, negative energy resistance 1,
electricity resistance, torment resistance 1, petrification resistance
}: 2/15 runes: barnacled, gossamer
a: Renounce Religion, Evoke Blink, Divine Shield, Cleansing Flame, Summon Divine
Warrior, Brand Weapon With Holy Wrath


You were on level 3 of the Vaults.
You worshipped the Shining One.
The Shining One was exalted by your worship.
You visited 7 branches of the dungeon, and saw 35 of its levels.
You also visited: Gauntlet.

You collected 3739 gold pieces.
You spent 707 gold pieces at shops.

Inventory:

Hand Weapons
 b - a +9 broad axe of electrocution (weapon)
Missiles
 p - a throwing net
Armour
 c - a +5 kite shield of reflection (worn)
 k - a +0 buckler of positive energy
 l - the +0 chain mail "Jiahotra" (worn) {+Blink rElec rN+ Int-4}
   (You found it on level 4 of the Spider Nest)

   Int-4:     It affects your intelligence (-4).
   rElec:     It insulates you from electricity.
   rN+:       It protects you from negative energy.
   +Blink:    It lets you blink.
 q - the +1 hat "Cimim" (worn) {rF+ Str+2}
   (You found it on level 15 of the Dungeon)

   Str+2:     It affects your strength (+2).
   rF+:       It protects you from fire.
 v - a +2 pair of gloves of strength (worn)
 C - the +0 hat of Bintiasi {rC+}
   (You found it in a Gauntlet)

   rC+:       It protects you from cold.
 E - a +0 pair of boots (worn)
 I - a scarf of resistance (worn)
 L - a +4 plate armour of fire resistance
Jewellery
 t - the ring of Axyigg (right hand) {Will+ Int+4 Slay+4 SInv}
   (You found it in a Gauntlet)

   [ring of slaying]

   Int+4:     It affects your intelligence (+4).
   Slay+4:    It affects your accuracy & damage with ranged weapons and melee
   (+4).
   Will+:     It increases your willpower.
   SInv:      It lets you see invisible.
 H - a +4 ring of slaying
 N - a ring of protection from fire (left hand)
 T - an amulet of regeneration (around neck)
Wands
 f - a wand of digging (7)
 s - a wand of paralysis (40)
 x - a wand of polymorph (15)
 A - a wand of mindburst (10)
 B - a wand of flame (24)
 K - a wand of roots (18)
Scrolls
 a - 5 scrolls of fog
 e - 11 scrolls of poison
 o - 3 scrolls of brand weapon
 r - 5 scrolls of noise
 u - 2 scrolls of vulnerability
 y - 5 scrolls of teleportation
 z - a scroll of silence
 M - 3 scrolls of revelation
 O - 11 scrolls of identify
 R - 3 scrolls of enchant weapon
 S - 2 scrolls of fear
 W - a scroll of summoning
 X - 3 scrolls of amnesia
Potions
 d - a potion of invisibility
 g - 18 potions of curing
 h - a potion of resistance
 i - 4 potions of haste
 m - 10 potions of attraction
 n - a potion of cancellation
 w - 12 potions of heal wounds
 D - 4 potions of enlightenment
 G - 6 potions of brilliance
 J - 8 potions of ambrosia
 U - 2 potions of magic
 Y - 2 potions of might
 Z - 2 potions of mutation
Miscellaneous
 j - a phial of floods (quivered)
 P - a tin of tremorstones (2/2)
 Q - a phantom mirror
 V - a lightning rod (4/4)


   Skills:
 * Level 23.3 Fighting
 - Level 18.0 Axes
 * Level 17.5 Armour
 + Level 15.0 Shields
 + Level 16.3 Invocations


You had 19 spell levels left.
You didn't know any spells.
Your spell library contained the following spells:

 Spells                   Type           Power      Damage    Failure   Level
 Apportation              Tloc           0%         N/A       75%         1
 Sandblast                Erth           0%         2d4       75%         1
 Shock                    Conj/Air       0%         1d3       75%         1
 Slow                     Hex            0%         N/A       75%         1
 Blink                    Tloc           0%         N/A       86%         2
 Ensorcelled Hibernation  Hex/Ice        0%         N/A       86%         2
 Jinxbite                 Hex            0%         N/A       86%         2
 Lesser Beckoning         Tloc           0%         N/A       86%         2
 Momentum Strike          Conj/Tloc      0%         3d8       86%         2
 Static Discharge         Conj/Air       0%         3-3/arc   86%         2
 Confusing Touch          Hex            0%         N/A       98%         3
 Frozen Ramparts          Ice            0%         1d1       98%         3
 Fugue of the Fallen      Necr           0%         N/A       98%         3
 Gell's Gravitas          Tloc           0%         N/A       98%         3
 Hailstorm                Conj/Ice       0%         3d5       98%         3
 Inner Flame              Hex/Fire       0%         N/A       98%         3
 Ozocubu's Armour         Ice            0%         N/A       98%         3
 Passwall                 Erth           0%         N/A       98%         3
 Sigil of Binding         Hex            0%         N/A       98%         3
 Stone Arrow              Conj/Erth      0%         3d7       98%         3
 Summon Ice Beast         Ice/Summ       0%         N/A       98%         3
 Swiftness                Air            0%         N/A       98%         3
 Teleport Other           Tloc           0%         N/A       98%         3
 Tukima's Dance           Hex            0%         N/A       98%         3
 Vampiric Draining        Necr           0%         2d6       98%         3
 Airstrike                Air            0%         2d(0-16)  100%        4
 Anguish                  Hex/Necr       0%         N/A       100%        4
 Animate Armour           Summ/Erth      0%         N/A       100%        4
 Brom's Barrelling Bould  Conj/Erth      0%         2d3       100%        4
 Cause Fear               Hex            0%         N/A       100%        4
 Flame Wave               Conj/Fire      0%         2d4       100%        4
 Ignite Poison            Fire/Alch      0%         N/A       100%        4
 Leda's Liquefaction      Alch/Erth      0%         N/A       100%        4
 Passage of Golubria      Tloc           0%         N/A       100%        4
 Petrify                  Alch/Erth      0%         N/A       100%        4
 Sticky Flame             Fire/Alch      0%         2d4       100%        4
 Summon Lightning Spire   Summ/Air       0%         N/A       100%        4
 Alistair's Intoxication  Alch           0%         N/A       100%        5
 Fireball                 Conj/Fire      0%         3d3       100%        5
 Irradiate                Conj/Alch      0%         3d11      100%        5
 Lee's Rapid Deconstruct  Erth           0%         3d4*      100%        5
 Metabolic Englaciation   Hex/Ice        0%         N/A       100%        5
 Silence                  Hex/Air        0%         N/A       100%        5
 Summon Forest            Summ/Tloc      0%         N/A       100%        5
 Summon Mana Viper        Hex/Summ       0%         N/A       100%        5
 Yara's Violent Unravell  Hex/Alch       0%         3d3       100%        5
 Dispersal                Tloc           0%         N/A       100%        6
 Eringya's Noxious Bog    Alch           0%         4d6       100%        6
 Sculpt Simulacrum        Ice/Alch       0%         N/A       100%        6
 Monstrous Menagerie      Summ           0%         N/A       100%        7
 Ozocubu's Refrigeration  Ice            0%         4d7       100%        7
 Summon Hydra             Summ           0%         N/A       100%        7
 Ignition                 Fire           0%         3d3       100%        8
 Lehudib's Crystal Spear  Conj/Erth      0%         10d2      100%        8
 Dragon's Call            Summ           0%         N/A       100%        9
 Polar Vortex             Ice            0%         N/A       100%        9
 Sublimation of Blood     Necr           Unusable   N/A       N/A         2

Dungeon Overview and Level Annotations

Branches:
Dungeon (15/15)            Temple (1/1) D:4            Lair (5/5) D:9
 Shoals (4/4) Lair:3       Spider (4/4) Lair:3        Slime (0/5) Lair:4
    Orc (2/2) D:10            Elf (0/3) Orc:2        Vaults (4/5) D:13
  Crypt (0/3) Vaults:2     Depths (0/4) D:15        Gauntlet (visited)

Altars:
Ashenzari
Cheibriados
Dithmenos
Elyvilon
Fedhas
Gozag
Hepliaklqana
Kikubaaqudgha
Makhleb
Nemelex Xobeh
Okawaru
Qazlal
Ru
Sif Muna
Trog
Uskayaw
Vehumet
Wu Jian
Xom
Yredelemnul
Zin
The Shining One
Jiyva

Shops:
D:13 (*[:!   D:15 =   Orc:2 ?*:*   Vaults:4 [

Portals:
Hell: Lair:5

Annotations:
D:11 3 runed translucent doors, dangerrune1's ghost, journeyman GrEE
Lair:1 3 runed translucent doors, Otaacuat's ghost, journeyman DsGl
Lair:4 1 runed translucent door
Spider:4 2 transporters, Ikly's ghost, journeyman GrFi
Vaults:1 3 runed translucent doors, crisisinutopia's ghost, adept MiFi
Vaults:3 Frederick


Innate Abilities, Weirdness & Mutations

You are immune to sickness and miasma.
Your stone body is resilient. (AC +15)
You are immune to poison.
Your large and strong wings let you fly.
You resist negative energy. (rN+)
You are resistant to electric shocks. (rElec)
You are resistant to unholy torment.
You are immune to petrification.


Message History

There is a large open door here.
There is a large open door here.
There is an open door here.
There is a stone staircase leading up here.
You reach down and open the door.
There is an open door here.
You reach down and open the door.
Auto kill stopped - Too dangerous: Extremely Dangerous (1) Dangerous (0) Easy (0) Harmless (0) Frederick the Flawless comes into view.
He is wielding a +2 demon blade and wearing the orb of Wuly Kaa {light, rN+ Slay+3 Fire}.
Frederick shouts!
Frederick points at you and mumbles some strange words.
The iron shot hits you!!!
Frederick is knocked back by the blast.
There is an open door here.
You are too injured to fight recklessly!
You are too injured to fight recklessly!
You are too injured to fight recklessly!
Your shield is strengthened by the Shining One's divine power.
You closely miss Frederick. You block Frederick's attack.
You slash Frederick!
Frederick is lightly wounded.
Frederick casts a spell.
Frederick summons a servant imbued with his destructive magic!
You miss Frederick.
Frederick is lightly wounded.
Frederick points at you and mumbles some strange words.
The iron shot hits you!!
Frederick is knocked back by the blast.
The spellforged servitor casts a spell at you.
Your +5 kite shield of reflection blocks the iron shot... and reflects it back!
The iron shot hits the spellforged servitor!!
You block Frederick's attack.
You slash Frederick!
Frederick is lightly wounded.
Frederick attacks as he pursues you! You block Frederick's attack.
There is an open door here.
There is an escape hatch in the ceiling here.
Frederick gestures at you while chanting.
The iron shot hits you!!!!
Ouch! That really hurt!
You die...
Frederick says, "What a chore."

#####+# #.....# #.....#
+.....# #.....# #.9...#
##@#####
###########@.....#
######..+......#......#
#.......#......#......#
........'.<....'......#
........#......#......#
#.......#......#......#
######..#......########
###########


You could see Frederick and a spellforged servitor (summoned).

Vanquished Creatures
  Saint Roka (Orc:1)
  Nikola (Vaults:1)
  Jorgrun (Spider:2)
  The ghost of Aral the Warrior, an adept MiBe of Trog (Shoals:2)
  Asterion (Spider:2)
  An ancient champion (Vaults:2)
  2 sphinxes (Shoals:4)
  Polyphemus (Shoals:2)
  Frances (Shoals:2)
  Aizul (Shoals:2)
  A storm dragon (D:14)
  Agnes (Spider:2)
  2 tengu reavers
  The ghost of Tinen the Brawler, a journeyman TrMo of Wu Jian (Orc:1)
  Donald (Orc:2)
  A fire giant (D:14)
  A vault warden (Vaults:1)
  3 emperor scorpions
  3 ghost moths (Spider:4)
  A ghoul (Vaults:2)
  An orc warlord (Vaults:2)
  7 ironbound preservers
  The ghost of Jiecrehi the Severer, a journeyman DDFi of Makhleb (D:15)
  6 broodmothers (Spider:4)
  A very ugly thing (D:15)
  2 ironbound thunderhulks (Vaults:2)
  The ghost of Fifowuza the Grappler, a journeyman DrSh of Wu Jian (Lair:4)
  Nessos (D:12)
  6 dire elephants
  A deep elf death mage (Vaults:2)
  2 spark wasps
  Azrael (D:12)
  A war gargoyle (Vaults:2)
  6 minotaurs
  Snorg (D:10)
  An eidolon (Vaults:2)
  An ettin (Orc:2)
  3 merfolk impalers
  10 hydras
  A yaktaur captain (Vaults:3)
  5 entropy weavers
  Josephine (Lair:5)
  2 vault guards (Vaults:1)
  4 great orbs of eyes
  3 radroaches
  A peacekeeper (Vaults:2)
  Erolcha (D:10)
  3 jorogumos
  3 merfolk avatars
  3 catoblepae
  An ironbound frostheart (Vaults:2)
  11 centaur warriors
  13 satyrs
  A death knight (D:15)
  5 two-headed ogres
  12 boulder beetles
  11 death yaks
  A tengu warrior (D:15)
  A shock serpent (shapeshifter) (D:15)
  5 demonic crawlers
  Urug (D:13)
  6 orc high priests (Orc:2)
  A sun demon (Lair:5)
  Sonja (Lair:1)
  3 skeletal warriors (D:13)
  4 skysharks
  4 sixfirhies (Gauntlet)
  21 deep trolls
  2 sea snakes
  A sun moth (Spider:2)
  2 glowing orange brains
  9 pharaoh ants
  Lodul (D:10)
  A death drake (Gauntlet)
  5 arcanists
  14 orb spiders
  5 steelbarb worms (Spider:4)
  2 phantasmal warriors
  6 lindwurms (Vaults:1)
  4 ironbound convokers
  A deep elf pyromancer (D:14)
  9 harpies
  17 wolf spiders
  16 orc knights
  14 manticores
  11 cyclopes
  An orc sorcerer (D:15)
  17 ugly things
  A meliai (shapeshifter) (D:14)
  18 fauns
  4 moths of wrath (Spider:4)
  A spectral centaur (Gauntlet)
  4 meliai
  8 vault sentinels
  11 merfolk sirens
  15 elephants
  5 black mambas
  An ice statue (Gauntlet)
  9 torpor snails
  A smoke demon (Lair:5)
  2 water nymphs
  2 gargoyles
  12 cane toads
  3 orange demons (Lair:5)
  6 rime drakes
  An efreet (D:15)
  9 komodo dragons
  3 kobold demonologists
  10 yaktaurs
  An ice devil (Lair:5)
  A tengu conjurer (D:15)
  9 polar bears
  2 red devils (Lair:5)
  6 trolls
  17 merfolk
  5 wind drakes
  Prince Ribbit (D:5)
  A spectral orc (Orc:1)
  10 blink frogs
  30 tarantellas
  14 dream sheep
  10 snapping turtles
  A centaur simulacrum (D:15)
  35 jumping spiders
  8 slime creatures
  9 water elementals
  31 culicivoras
  5 wraiths
  2 shadows
  5 wyverns
  64 yaks
  A hog (shapeshifter) (D:15)
  3 fire elementals (D:12)
  2 steam dragons
  4 basilisks
  2 wargs (Orc:1)
  42 redbacks
  9 vampire mosquitoes
  2 acid dragons (D:12)
  5 hell hounds
  14 water moccasins
  A spectral troll (Orc:1)
  A hornet zombie (Gauntlet)
  3 black bears
  39 orc warriors
  An ice beast (D:7)
  15 ogres
  7 boggarts
  11 centaurs
  4 laughing skulls
  4 wolves
  A phantom (D:5)
  3 kobold brigands
  10 bullfrogs
  A gnoll sergeant (D:8)
  3 cane toad simulacra (D:12)
  3 scorpions
  10 wights
  3 killer bees (D:10)
  2 spectral ogres (Orc:1)
  An elephant simulacrum (D:12)
  3 howler monkeys (D:10)
  7 electric eels
  2 kobold simulacra (Orc:1)
  4 hounds
  Crazy Yiuf (D:7)
  A spectral boggart (Gauntlet)
  3 jellies
  33 orc priests
  2 iguanas
  19 orc wizards
  2 sleepcaps
  7 hell rats (Lair:1)
  A polar bear simulacrum (D:12)
  A spriggan simulacrum (D:12)
  A troll simulacrum (D:12)
  A wolf simulacrum (D:12)
  A boggart simulacrum (D:14)
  9 adders
  16 gnolls
  3 white imps
  A ribbon worm (D:3)
  3 dart slugs (D:1)
  2 orc simulacra (Orc:1)
  73 orcs
  8 ball pythons
  5 endoplasms
  5 goblins
  3 hobgoblins
  6 jackals (D:2)
  A quokka (D:5)
  2 bats
  18 kobolds
  4 rats
  A spectral weapon (Spider:2)
1195 creatures vanquished.

Vanquished Creatures (others)
  A radroach (Spider:1)
  A jumping spider (Spider:1)
  A gnoll (D:11)
  2 orcs (D:8)
5 creatures vanquished.

Grand Total: 1200 creatures vanquished

Notes
Turn   | Place    | Note
-------+----------+-------------------------------------------
     0 | D:1      | Persephone the Gargoyle Fighter began the quest for the
                  | Orb.
     0 | D:1      | Reached XP level 1. HP: 14/14 MP: 1/1
   110 | D:1      | Reached XP level 2. HP: 17/19 MP: 2/2
   559 | D:1      | Reached XP level 3. HP: 23/23 MP: 3/3
  1312 | D:2      | Found a faded altar of an unknown god.
  1871 | D:3      | HP: 1/23 [orc priest/divine providence (10)]
  1875 | D:3      | Reached XP level 4. HP: 3/28 MP: 4/4
  2076 | D:3      | Identified the +7 dagger "Curigo" {holy, Str+3}
  2376 | D:4      | Reached XP level 5. HP: 32/32 MP: 5/5
  2396 | D:4      | Found a staircase to the Ecumenical Temple.
  2450 | Temple   | Entered the Ecumenical Temple
  2535 | Temple   | Became a worshipper of the Shining One
  2835 | D:4      | Reached skill level 5 in Axes
  2989 | D:4      | Reached XP level 6. HP: 37/37 MP: 6/6
  3094 | D:5      | Entered Level 5 of the Dungeon
  3139 | D:5      | Noticed Prince Ribbit
  3171 | D:5      | The Shining One protects you from harm!
  3211 | D:5      | Killed Prince Ribbit
  3545 | D:5      | Reached XP level 7. HP: 41/41 MP: 7/7
  3751 | D:5      | Found a sparkling altar of Nemelex Xobeh.
  3751 | D:5      | Found an ancient bone altar of Kikubaaqudgha.
  3927 | D:5      | Identified 2 scrolls of acquirement
  3927 | D:5      | Acquired a manual of Fighting
  4089 | D:6      | Reached skill level 4 in Fighting
  4660 | D:6      | Reached skill level 5 in Fighting
  4660 | D:6      | Reached XP level 8. HP: 37/49 MP: 8/8
  4935 | D:6      | Acquired a +7 broad axe of electrocution
  5193 | D:7      | Reached skill level 6 in Fighting
  5214 | D:7      | Reached * piety under the Shining One
  5495 | D:7      | Found a runed translucent door.
  5497 | D:7      | Noticed Crazy Yiuf
  5634 | D:7      | Killed Crazy Yiuf
  5635 | D:7      | Reached skill level 7 in Fighting
  5758 | D:8      | Found a broken altar of Ashenzari.
  5887 | D:8      | Reached skill level 8 in Fighting
  5887 | D:8      | Reached XP level 9. HP: 59/59 MP: 9/9
  6136 | D:8      | Noticed a two-headed ogre
  6293 | D:8      | Killed a two-headed ogre
  6294 | D:8      | Reached skill level 9 in Fighting
  6294 | D:8      | Reached skill level 10 in Axes
  6465 | D:8      | Found a burning altar of Makhleb.
  6474 | D:8      | Found a hide-covered altar of Uskayaw.
  6714 | D:9      | Reached skill level 10 in Fighting
  6948 | D:9      | Noticed a troll
  6953 | D:9      | Killed a troll
  6954 | D:9      | Reached XP level 10. HP: 36/68 MP: 10/10
  7130 | D:9      | Found a staircase to the Lair.
  7155 | D:9      | Reached skill level 11 in Fighting
  7601 | D:10     | Entered Level 10 of the Dungeon
  7627 | D:10     | Noticed a two-headed ogre
  7627 | D:10     | Reached ** piety under the Shining One
  7647 | D:10     | Killed a two-headed ogre
  7648 | D:10     | Reached skill level 12 in Fighting
  7681 | D:10     | Noticed a kobold demonologist
  7687 | D:10     | Reached skill level 13 in Fighting
  7695 | D:10     | Killed a kobold demonologist
  7796 | D:10     | Noticed Snorg
  7822 | D:10     | Killed Snorg
  7823 | D:10     | Reached XP level 11. HP: 29/79 MP: 11/11
  8046 | D:10     | Found a staircase to the Orcish Mines.
  8358 | D:10     | Noticed Erolcha
  8362 | D:10     | Killed Erolcha
  8363 | D:10     | Reached skill level 14 in Fighting
  8557 | D:10     | Reached *** piety under the Shining One
  8558 | D:10     | Noticed Lodul
  8574 | D:10     | Killed Lodul
  8838 | Lair:1   | Entered Level 1 of the Lair of Beasts
  9132 | Lair:1   | Found a runed translucent gate.
  9132 | Lair:1   | Found a runed translucent gate.
  9280 | Lair:1   | Noticed Otaacuat's ghost (journeyman DsGl)
  9282 | Lair:1   | Found a runed translucent gate.
  9349 | Lair:1   | Noticed Sonja
  9355 | Lair:1   | Killed Sonja
  9381 | Lair:1   | Reached XP level 12. HP: 86/86 MP: 12/12
  9386 | Lair:1   | Reached skill level 15 in Axes
  9913 | Lair:2   | Noticed a five-headed hydra
  9925 | Lair:2   | Killed a one-headed hydra
  9959 | Lair:2   | Reached **** piety under the Shining One
 10450 | Lair:2   | Identified the +4 scale mail "Qobas" {rElec}
 10505 | Lair:2   | Identified the +9 trident "Jellyslayer" {vamp, Dex+2 SInv}
 11212 | Lair:3   | Found a staircase to the Shoals.
 11285 | Lair:3   | Noticed an eight-headed hydra
 11294 | Lair:3   | Killed a two-headed hydra
 11308 | Lair:3   | Found a hole to the Spider Nest.
 11313 | Lair:3   | Reached XP level 13. HP: 72/91 MP: 13/13
 11637 | Lair:3   | Reached skill level 1 in Invocations
 12306 | Lair:4   | Found a runed translucent door.
 12582 | Lair:4   | Found a runed translucent gate.
 12583 | Lair:4   | Found a runed translucent gate.
 12605 | Lair:4   | Found a runed translucent gate.
 12703 | Lair:4   | Noticed Fifowuza's ghost (journeyman DrSh)
 12704 | Lair:4   | Noticed a minotaur
 12810 | Lair:4   | Reached skill level 5 in Shields
 12812 | Lair:4   | Reached skill level 5 in Armour
 13137 | Lair:4   | Reached skill level 15 in Fighting
 13354 | Lair:4   | Noticed an azure jelly
 13355 | Lair:4   | Found a viscous altar of Jiyva.
 13358 | Lair:4   | Found a staircase to the Slime Pits.
 13358 | Lair:4   | Noticed an azure jelly
 13360 | Lair:4   | Noticed an azure jelly
 13360 | Lair:4   | Noticed an azure jelly
 13468 | Lair:5   | Entered Level 5 of the Lair of Beasts
 13543 | Lair:5   | Noticed a dire elephant
 13568 | Lair:5   | Killed a dire elephant
 13673 | Lair:5   | Noticed Josephine
 13684 | Lair:5   | Killed Josephine
 13685 | Lair:5   | Gained mutation: Your large and strong wings let you fly.
                  | [Gargoyle growth]
 13685 | Lair:5   | Reached XP level 14. HP: 98/98 MP: 17/17
 13740 | Lair:5   | Reached skill level 5 in Invocations
 13814 | Lair:5   | Reached ***** piety under the Shining One
 14710 | Lair:5   | Found a burning altar of Makhleb.
 15090 | Lair:5   | Found a gateway to Hell.
 15454 | Orc:1    | Entered Level 1 of the Orcish Mines
 15473 | Orc:1    | Reached skill level 16 in Fighting
 15670 | Orc:1    | Found a runed translucent gate.
 15670 | Orc:1    | Found a runed translucent gate.
 15670 | Orc:1    | Found a runed translucent gate.
 15798 | Orc:1    | Noticed Tinen's ghost (journeyman TrMo)
 16297 | Orc:2    | Entered Level 2 of the Orcish Mines
 16300 | Orc:2    | Noticed Saint Roka
 16328 | Orc:1    | Killed Saint Roka
 16942 | Orc:2    | Reached ****** piety under the Shining One
 17069 | Orc:2    | Reached XP level 15. HP: 86/104 MP: 16/20
 17079 | Orc:2    | Noticed Donald
 17088 | Orc:2    | Killed Donald
 17199 | Orc:2    | Found a staircase to the Elven Halls.
 18069 | Orc:2    | Found Qosetooc's Assorted Antiques.
 18073 | Orc:2    | Found Faosh's Book Shop.
 18075 | Orc:2    | Found Nilo's Magic Scroll Boutique.
 18077 | Orc:2    | Found Reinkak's Assorted Antiques.
 18081 | Orc:2    | Bought a scroll of blinking for 82 gold pieces
 18090 | Orc:2    | Bought a scroll labelled ULAVOYDUFRO for 27 gold pieces
 18090 | Orc:2    | Bought a potion of heal wounds for 135 gold pieces
 18098 | Orc:2    | Bought a runed bone ring for 100 gold pieces
 18290 | D:11     | Found a gate leading to a gauntlet.
 18299 | Gauntlet | Entered a Gauntlet
 18299 | Gauntlet | Found a transporter.
 18299 | Gauntlet | Found a transporter.
 18301 | Gauntlet | Found a transporter.
 18301 | Gauntlet | Found a transporter.
 18304 | Gauntlet | Found a transporter.
 18304 | Gauntlet | Found a transporter.
 18314 | Gauntlet | Found a transporter.
 18318 | Gauntlet | Found a transporter.
 18328 | Gauntlet | Found a transporter.
 18340 | Gauntlet | Found a transporter.
 18358 | Gauntlet | Found a transporter.
 18362 | Gauntlet | Found a transporter.
 18552 | Gauntlet | Identified the ring of Axyigg {Will+ Int+4 Slay+4 SInv}
 18599 | Gauntlet | Identified the +0 hat of Bintiasi {rC+}
 19049 | D:11     | Reached skill level 10 in Shields
 19115 | D:11     | Reached skill level 10 in Armour
 19318 | D:11     | Reached skill level 17 in Fighting
 19505 | D:11     | Found a runed translucent gate.
 19506 | D:11     | Found a runed translucent gate.
 19506 | D:11     | Found an opulent altar of Gozag.
 19508 | D:11     | Found a runed translucent gate.
 19515 | D:11     | Noticed dangerrune1's ghost (journeyman GrEE)
 20259 | Lair:4   | Killed Fifowuza's ghost
 20506 | D:12     | Found a frozen archway.
 20665 | D:12     | Noticed Nessos
 20676 | D:12     | Killed Nessos
 20677 | D:12     | Reached skill level 10 in Invocations
 20996 | D:12     | Noticed Azrael
 21004 | D:12     | Killed Azrael
 21005 | D:12     | Reached XP level 16. HP: 101/112 MP: 20/23
 21564 | D:13     | Noticed Urug
 21576 | D:13     | Killed Urug
 21734 | D:13     | Found Fugapeon's Weapon Shoppe.
 21769 | D:13     | Found Irycizur's Armour Emporium.
 21815 | D:13     | Found Tiamenir's Distillery.
 21823 | D:13     | Bought a potion of might for 68 gold pieces
 21823 | D:13     | Bought a potion of curing for 51 gold pieces
 21909 | D:13     | Found Hebyxero's Book Boutique.
 21962 | D:13     | Found Faete's Assorted Antiques.
 21970 | D:13     | Found a gate to the Vaults.
 21973 | D:13     | Bought a glittering iron ring for 125 gold pieces
 21973 | D:13     | Identified the ring "Duelem" {rPois Stlth+} (You bought it
                  | in a shop on level 13 of the Dungeon)
 21973 | D:13     | Bought a scroll of teleportation for 75 gold pieces
 21981 | D:13     | Noticed a tengu reaver
 21991 | D:13     | Killed a tengu reaver
 22231 | Spider:1 | Entered Level 1 of the Spider Nest
 22411 | Spider:1 | Reached skill level 18 in Fighting
 23216 | Spider:2 | Noticed Asterion
 23227 | Spider:2 | Killed Asterion
 23232 | Spider:2 | Noticed Jorgrun
 23363 | Spider:2 | Killed Jorgrun
 23463 | Spider:2 | Noticed Agnes
 23471 | Spider:2 | Killed Agnes
 23483 | Spider:2 | Reached skill level 19 in Fighting
 23822 | Spider:2 | Reached XP level 17. HP: 122/122 MP: 25/25
 24976 | Spider:4 | Entered Level 4 of the Spider Nest
 25266 | Spider:4 | Identified the +0 chain mail "Jiahotra" {+Blink rElec rN+
                  | Int-4}
 25302 | Spider:4 | Reached skill level 20 in Fighting
 25383 | Spider:4 | HP: 3/124 [ghost moth (5)]
 25813 | Spider:4 | Identified the +10 morningstar of the Blushing Gods
                  | {freeze, +Blink}
 26034 | Spider:4 | Identified the +1 hat "Befry" {Fly Int+6}
 26036 | Spider:4 | Got a gossamer rune of Zot
 26135 | Spider:4 | Found a transporter.
 26135 | Spider:4 | Noticed Ikly's ghost (journeyman GrFi)
 26141 | Spider:4 | Found a transporter.
 26558 | Shoals:1 | Entered Level 1 of the Shoals
 26594 | Shoals:1 | Reached XP level 18. HP: 103/131 MP: 27/27
 26933 | Shoals:1 | Reached skill level 21 in Fighting
 27381 | Shoals:2 | Identified the serpent talisman "Laotz" {rF+ SInv}
 27381 | Shoals:2 | Noticed Aizul
 27390 | Shoals:2 | Killed Aizul
 27416 | Shoals:2 | Noticed Frances
 27425 | Shoals:2 | Killed Frances
 27664 | Shoals:2 | Noticed Polyphemus
 27704 | Shoals:2 | Killed Polyphemus
 27880 | Shoals:2 | Found a runed translucent door.
 27886 | Shoals:2 | Noticed Aral's ghost (adept MiBe)
 28298 | Shoals:2 | Killed Aral's ghost
 29090 | Shoals:4 | Entered Level 4 of the Shoals
 29442 | Shoals:4 | Identified the +7 arbalest "Dyxuris" {freeze, Str+4}
 29442 | Shoals:4 | Identified the staff of the Distant Future {Str-2 Hexes Air
                  | Earth}
 29569 | Shoals:4 | Reached skill level 15 in Armour
 29609 | Shoals:4 | Got a barnacled rune of Zot
 30433 | Orc:1    | Killed Tinen's ghost
 30434 | Orc:1    | Reached XP level 19. HP: 127/139 MP: 30/30
 30435 | Orc:1    | Reached skill level 15 in Invocations
 30543 | Orc:2    | Bought a scroll of fog for 44 gold pieces
 30848 | D:14     | Reached skill level 22 in Fighting
 31014 | D:14     | Found an iron altar of Okawaru.
 31099 | D:14     | Found a runed translucent door.
 31536 | D:14     | You are sucked into a shaft and drop 1 floor!
 31536 | D:15     | Entered Level 15 of the Dungeon
 32088 | D:15     | Found Quwn's Jewellery Boutique.
 32122 | D:15     | Found a hazy altar of Hepliaklqana.
 32385 | D:15     | Found a staircase to the Depths.
 32463 | D:15     | Found a runed translucent gate.
 32465 | D:15     | Found a runed translucent gate.
 32466 | D:15     | Found a runed translucent gate.
 32466 | D:15     | Noticed Jiecrehi's ghost (journeyman DDFi)
 32565 | D:15     | Killed Jiecrehi's ghost
 32604 | D:15     | Identified the +1 hat "Cimim" {rF+ Str+2}
 32709 | Vaults:1 | Entered Level 1 of the Vaults
 33178 | Vaults:1 | Noticed Nikola
 33193 | Vaults:1 | Killed Nikola
 33303 | Vaults:1 | Found a runed translucent gate.
 33303 | Vaults:1 | Found a runed translucent gate.
 33303 | Vaults:1 | Noticed crisisinutopia's ghost (adept MiFi)
 33305 | Vaults:1 | Found a runed translucent gate.
 33305 | Vaults:1 | Identified the +2 leather armour of Terror {+Blink rN+
                  | Will+}
 33608 | Vaults:1 | Found an iron altar of Okawaru.
 33767 | Vaults:2 | Reached XP level 20. HP: 145/147 MP: 29/32
 33925 | Vaults:2 | Reached skill level 23 in Fighting
 34030 | Vaults:2 | Found a staircase to the Crypt.
 34645 | Vaults:2 | You are sucked into a shaft and drop 2 floors!
 34648 | Vaults:4 | Found Mokhlali's Armour Boutique.
 34716 | Vaults:3 | Reached skill level 15 in Shields
 35072 | Vaults:3 | Identified the orb of Wuly Kaa {light, rN+ Slay+3 Fire}
 35072 | Vaults:3 | Noticed Frederick
 35082 | Vaults:3 | Killed from afar by Frederick

Illustrated notes

Levels and vault maps discovered:
D:1:      dpeg_arrival_tiny_d, layout_basic
D:2:      layout_basic, serial_bayou, serial_bayou_ford_a,
          serial_bayou_lagoon_a, serial_bayou_pond_d, serial_bayou_shore_a,
          hellmonk_ecumenical_altar_dog_temple
D:3:      layout_basic
D:4:      layout_cave_pools, minmay_temple_entry_hall, cheibrodos_gnoll_hut
D:5:      layout_basic, gammafunk_temple_overflow_elements, uniq_prince_ribbit1
D:6:      layout_loops_cross, nicolae_letterblocks [nicolae_letter_subblock,
          nicolae_letter_subblock, nicolae_letter_subblock,
          nicolae_letter_subblock, nicolae_letter_subblock,
          nicolae_letter_subblock, nicolae_letter_subblock,
          nicolae_letter_subblock, nicolae_letter_subblock,
          nicolae_letter_subblock, nicolae_letter_subblock,
          nicolae_letter_subblock, nicolae_letter_subblock,
          nicolae_letter_subblock, nicolae_letter_subblock,
          nicolae_letter_subblock, nicolae_letter_subblock,
          nicolae_letter_subblock, nicolae_letter_subblock,
          nicolae_letter_subblock, nicolae_letter_subblock,
          nicolae_letter_subblock, nicolae_letter_subblock,
          nicolae_letter_subblock, nicolae_letter_subblock]
D:7:      layout_cave_pools, uniq_crazy_yiuf_cottage
D:8:      layout_rooms, jmf_multi_god_temple2, mainiacjoe_overflow_alcove_1,
          st_stairs_5
D:9:      layout_irregular_city, dpeg_oklobed_lair
D:10:     layout_roguey, minmay_orc_entry_temple_small, grunt_ministairs_8,
          uniq_lodul, uniq_erolcha, uniq_snorg
D:11:     fort_yaktaur, layout_long_grid, gauntlet_entry_generic,
          ebering_ghost_gozag
D:12:     layout_basic, portal_ice_cave_entry_ice_simulacra,
          nicolae_straight_to_the_point, uniq_azrael, uniq_nessos
D:13:     layout_cave_pools, hellmonk_vaults_attempted_burglary, serial_shops,
          shop, nicolae_shop_waterfront, nicolae_shop_hallway_plus,
          nicolae_shop_mannequins, shop, uniq_urug
D:14:     layout_basic, basic_altar, minivault_13
D:15:     gammafunk_enter_depths_forms, layout_cave_pools,
          gammafunk_ghost_tricky_traps, nicolae_hepliaklqana_hippocampus,
          serial_shops, nicolae_shop_behind_doors, minivault_24,
          dreamdust_princess_bridge
Temple:   minmay_crystal_spiral_temple
Lair:1:   layout_gridlike, ebering_ghost_rock_garden, lemuel_fruit_tree,
          uniq_sonja
Lair:2:   layout_long_grid, kilobyte_rumbling_trees, infiniplex_staircase_pool_2
Lair:3:   layout_gridlike, elwin_shoals_entry_rocks,
          nicolae_spider_entry_lesser_pyramids, grunt_megastairs_5
Lair:4:   layout_regular_city, slime_entry_2, maelrawn_ghost_gauntlet_escape
Lair:5:   evil_forest, layout_cellular_growth, serial_bayou_pond_b,
          nicolae_quartered_pool_medium, uniq_josephine
Shoals:1: nicolae_shoals_aurelia_aurita, layout_shoals
Shoals:2: layout_shoals, ebering_ghost_reflecting_pool, uniq_polyphemus,
          uniq_aizul, uniq_frances
Shoals:3: layout_shoals
Shoals:4: shoals_end_hellmonk_lost_city
Spider:1: layout_spider_delve
Spider:2: layout_spider_delve, nicolae_spider_some_kinda_spiderbox,
          uniq_jorgrun, uniq_agnes, uniq_asterion
Spider:3: layout_spider_delve, drop_trap
Spider:4: hellmonk_spider_rune_endless_swarm, gammafunk_ghost_mausoleum
Orc:1:    layout_caves, gammafunk_ghost_necromancy,
          nicolae_orc_all_along_the_watchtower
Orc:2:    st_orc_pillars, layout_diamond_mine, basic_altar, bh_open_orc_temple,
          uniq_donald, uniq_saint_roka
Vaults:1: gammafunk_ghost_fury_of_okawaru, nicolae_vaults_specimen_jars,
          nicolae_vaults_rhombus_6, nicolae_vaults_little_squares_3,
          vaults_room_pool, layout_vaults_big_room, uniq_nikola
Vaults:2: hangedman_vaults_stretched_pinwheel, vaults_mumra_chevron,
          hangedman_vaults_restitches, nicolae_vaults_wrenched,
          minmay_crypt_entry_simple_box, nicolae_vaults_tetromino_Z_2,
          layout_vaults_quadrants
Vaults:3: nicolae_vaults_trapezoid_lopsided_1, nicolae_vaults_back_hallway,
          hangedman_vaults_stream, vaults_room_corners, vaults_room_fancy_cross,
          hangedman_vaults_corner, nicolae_vaults_closet_pinwheel_5, v_rooms_6,
          nicolae_vaults_little_squares_1, nicolae_vaults_security_offices_2,
          vaults_dpeg_doors, vaults_dpeg_ring, nicolae_vaults_double_plus_1,
          v_pattern_1, nicolae_vaults_tetromino_L_1, layout_vaults_maze_bifur,
          uniq_frederick
Vaults:4: gammafunk_ghost_smash, v_misc_24, vaults_mumra_bighexcomb,
          nicolae_vaults_double_plus_1, nicolae_vaults_alarming,
          nicolae_vaults_disjoint_gnomons, hangedman_vaults_restitches,
          vaults_room_grunt_arrival_ludios, nicolae_vaults_two_Ls, v_rooms_3,
          nicolae_vaults_mini_display_case, nicolae_vaults_rhombus_5,
          nicolae_vaults_little_squares_5, layout_vaults_omnicross,
          serial_shops, nicolae_square_shop

Skill      XL: |  1  2  3  4  5  6  7  8  9 10 11 12 13 14 15 16 17 18 19 20 |
---------------+-------------------------------------------------------------+-----
Axes           | 2 3 4 5 6 7 9 11 13 14 17 18 | 18.0
Fighting       | 5 8 10 13 14 15 16 17 19 20 21 22 23 | 23.3
Invocations    | 4 7 10 11 13 14 16 | 16.3
Shields        | 6 8 10 12 13 14 15 | 15.0
Armour         | 6 8 10 12 13 15 16 17 | 17.5

Action                     |  1- 3 |  4- 6 |  7- 9 | 10-12 | 13-15 | 16-18 | 19-21 || total
---------------------------+-------+-------+-------+-------+-------+-------+-------++-------
  Melee: War axe           |   118 |   153 |    81 |       |       |       |       ||   352
         Broad axe         |       |       |   103 |   325 |   773 |  1007 |   483 ||  2691
         Hand axe          |       |       |       |    15 |    23 |       |       ||    38
 Invoke: Divine Shield     |       |       |     4 |     1 |    16 |    23 |    10 ||    54
         Cleansing Flame   |       |       |       |       |     1 |     3 |       ||     4
  Evoke: Wand              |       |       |       |       |    35 |       |       ||    35
         Lightning rod     |       |       |       |       |       |     4 |       ||     4
         Tin of tremorston |       |       |       |       |       |     2 |       ||     2
         Phantom mirror    |       |       |       |       |       |     1 |       ||     1
    Use: Potion            |     1 |     5 |       |     4 |     3 |     1 |       ||    14
         Scroll            |       |     5 |     8 |     9 |    12 |    14 |     6 ||    54
 Armour: Scale mail        |    88 |   101 |       |    16 |   370 |       |       ||   575
         Chain mail        |       |    16 |   153 |   223 |       |   402 |   357 ||  1151
         Plate armour      |       |       |       |    82 |   250 |   571 |       ||   903
  Dodge: Dodged            |    63 |    73 |    60 |   112 |   196 |   226 |   127 ||   857
  Block: Buckler           |    21 |    29 |    31 |       |       |       |       ||    81
         Kite shield       |       |       |    18 |   146 |   436 |   803 |   434 ||  1837
         Reflection        |       |       |       |       |    28 |    75 |    30 ||   133
